 Dungeon Crawl Stone Soup version 0.29.1-15-g9cfb28693d (webtiles) character file.

Game seed: 8224851434426097072

8 croobank the Sneak (level 2, -2/21 HPs)
             Began as an Octopode Delver on Mar 13, 2023.
             Slain by an adder (3 damage)
             ... in a sewer.
             The game lasted 00:06:37 (498 turns).

croobank the Sneak (Octopode Delver)                 Turns: 498, Time: 00:06:37

Health: -2/21      AC:  1    Str: 11    XL:     2   Next: 8%
Magic:  2/2        EV: 13    Int: 12    God:
Gold:   25         SH:  0    Dex: 13    Spells: 1/1 levels left

rFire   . . .      SeeInvis .   a - +0 hand axe
rCold   . . .      Faith    .   (no shield)
rNeg    . . .      Spirit   .   (helmet restricted)
rPois   .          Reflect  .   (no amulet)
rElec   .          Harm     .   (no ring)
rCorr   .          Rampage  .   (no ring)
Will    .....                   (no ring)
Stlth   +++++.....              (no ring)
HPRegen 0.07/turn               (no ring)
MPRegen 0.08/turn               (no ring)
                                (no ring)
                                (no ring)

@: brilliant, lethally poisoned (-2 -> -4)
A: almost no armour, amphibious, 8 rings, camouflage 1, gelatinous body 1,
nimble swimmer 1, tentacles
a: no special abilities


You were in a sewer.
You visited 1 branch of the dungeon, and saw 2 of its levels.
You also visited: Sewer.

You collected 25 gold pieces.

Inventory:

Hand Weapons
 a - a +0 hand axe (weapon)
Jewellery
 g - a ring of resist corrosion
Wands
 f - a wand of digging (3)
Scrolls
 b - a scroll of fog
Potions
 d - a potion of mutation {unknown}
 e - a potion of haste
 h - a potion of berserk rage {unknown}


   Skills:
 + Level 3.1 Fighting
 + Level 2.2 Axes
 + Level 2.2 Dodging
 + Level 6.7 Stealth


You had one spell level left.
You didn't know any spells.
Your spell library was empty.

Dungeon Overview and Level Annotations

Branches:
Dungeon (6/15)              Sewer (1/1)
 Temple: D:4-7

Altars:
Gozag


Innate Abilities, Weirdness & Mutations

You cannot wear most types of armour.
You are amphibious.
You can wear up to eight rings at the same time.
Your skin changes colour to match your surroundings (Stealth+).
Your rubbery body absorbs attacks. (AC +1, EV +1)
You are camouflaged when in or above water. (Stealth+)
You have tentacles for arms and can constrict up to eight enemies at once.


Message History

You release your grip on the rat.
The rat closely misses you. The rat closely misses you. x2
The rat closely misses you.
You hit the rat.
You kill the rat!
You hit the rat but do no damage. Your grab misses the rat.
You squeeze the rat.
You kill the rat!
You hit the river rat but do no damage. Your grab misses the river rat.
You squeeze the river rat.
The river rat is moderately wounded.
You closely miss the rat. The river rat closely misses you.
The rat barely misses you. The adder attacks as you move away!
The adder bites you. The adder barely misses you.
You closely miss the adder. Your grab misses the adder.
Your squeeze misses the adder. You hit the river rat but do no damage.
The river rat bites you! The adder closely misses you.
The river rat barely misses you.
You closely miss the adder. Your grab misses the adder.
Your squeeze misses the adder. You barely miss the river rat.
The adder barely misses you. The adder closely misses you.
The river rat bites you.
You miss the adder. Your grab misses the adder. You hit the river rat.
The adder bites you. The river rat closely misses you.
You miss the adder. You grab the adder. You hit the river rat but do no damage.
You constrict the adder. The adder bites you.
* * * LOW HITPOINT WARNING * * *
You are poisoned.
The adder poisons you!
The rat twitches its whiskers.
The river rat closely misses you. The adder bites you.
* * * LOW HITPOINT WARNING * * *
It was a potion of brilliance.
You feel clever all of a sudden.
You constrict the adder.
* * * LOW HITPOINT WARNING * * *
You feel sick. The adder bites you.
You die...

#≈≈≈≈≈≈#..#..#
#≈≈≈≈≈≈#.)...#
#≈≈≈≈≈≈##..)##
#≈≈≈≈≈≈#.....#
#≈≈≈≈≈≈#.....#
##+###≈≈≈≈≈≈###'###
#...~~≈≈≈≈≈≈≈≈~..##
#...~~~≈r≈≈≈≈≈~...#
#...~~≈≈S@≈≈≈≈~...#
#S....rr≈≈≈≈≈~~...##
##.....~≈≈≈≈≈≈~....#
#....#~≈≈≈≈≈~.....#
##..##~≈≈≈≈~~~....#
#.r #≈~≈≈≈~~....##
#r ##≈≈≈≈~.....# #.
#~≈≈≈~~...##
~≈≈≈≈≈....####


You could see an adder, a river rat and 2 rats.

Vanquished Creatures
  A worm (D:5)
  2 kobolds (Sewer)
  4 rats (Sewer)
7 creatures vanquished.

Vanquished Creatures (others)
  A plant (D:5)
1 creature vanquished.

Grand Total: 8 creatures vanquished

Notes
Turn   | Place    | Note
-------+----------+-------------------------------------------
     0 | D:5      | croobank the Octopode Delver began the quest for the Orb.
     0 | D:5      | Reached XP level 1. HP: 16/16 MP: 1/1
    34 | D:6      | Noticed a steam dragon
    48 | D:5      | Found a glowing drain.
   214 | D:5      | Noticed a hound
   227 | D:5      | Found an opulent altar of Gozag.
   235 | Sewer    | Entered a sewer
   460 | Sewer    | Reached XP level 2. HP: 21/21 MP: 2/2
   498 | Sewer    | HP: 1/21 [poisoned by an adder]
   498 | Sewer    | Slain by an adder

Illustrated notes

Levels and vault maps discovered:
D:5:      wad_lake_hut, layout_loops_corners,
          mainiacjoe_overflow_six_doors_small,
          gammafunk_temple_overflow_forgotten, cheibrodos_sewer_entry_sluice
D:6:      layout_rooms, minmay_temple_entry_arrows, serial_bayou,
          serial_bayou_pond_e, serial_bayou_ford_a, serial_bayou_pond_d,
          serial_bayou_shore_b, minmay_mini_ossuary
Sewer:    sewer_minmay_treatment

Action                   || total
-------------------------++-------
Melee: Hand axe          ||    16
       Constrict         ||     4
       Tentacles         ||     3
  Use: Scroll            ||     2
       Potion            ||     1
 Stab: Sleeping          ||     3
Armor: Skin              ||     1
Dodge: Dodged            ||    21
